 Dungeon Sprint DCSS version 0.26-a0-651-gb41185065b (webtiles) character file.

Game seed: 4470997207230952023

123 HoaS the Spear-Bearer (level 5, 0/41 HPs)
             Began as a Formicid Fighter on Oct 11, 2020.
             Slain by a phantom (4 damage)
             ... in the Dungeon (Sprint IX: "|||||||||||||||||||||||||||||").
             The game lasted 00:00:38 (56 turns).

HoaS the Spear-Bearer (Formicid Fighter)              Turns: 56, Time: 00:00:38

Health: 0/41       AC:  6    Str: 22    XL:     5   Next: 28%
Magic:  5/5        EV:  9    Int:  7    God:
Gold:   0          SH: 11    Dex: 10    Spells: 4/4 levels left

rFire    . . .     SeeInvis +   a - +0 trident
rCold    . . .     Faith    .   c - +0 kite shield
rNeg     . . .     Spirit   .   b - +0 scale mail
rPois    .         Reflect  .   (helmet unavailable)
rElec    .         Harm     .   (no cloak)
rCorr    .         Rampage  .   (no gloves)
MR       .....                  (no boots)
Stlth    ..........             (no amulet)
HPRegen  0.13/turn              (no ring)
MPRegen  0.09/turn              (no ring)

@: no status effects
A: permanent stasis, dig shafts and tunnels, four strong arms, antennae 3
a: Dig


You were in the Dungeon.
You visited 1 branch

Inventory:

Hand Weapons
 a - a +0 trident (weapon)
Armour
 b - a +0 scale mail (worn)
 c - a +0 kite shield (worn)
Potions
 d - a potion of might
 e - a potion of curing
 g - 2 potions of magic


   Skills:
 - Level 3.2 Fighting
 * Level 8.0 Polearms
 - Level 3.2 Armour
 + Level 7.6 Shields


You had 4 spell levels left.
You didn't know any spells.
Your spell library was empty.

Dungeon Overview and Level Annotations

Branches:
Dungeon (1/1)

Altars:


Innate Abilities, Weirdness & Mutations

You cannot be hasted, slowed, berserked, paralysed or teleported.
You can dig through walls and to a lower floor.
Your four strong arms can wield two-handed weapons with a shield.
You have a pair of large antennae on your head. (SInv)


Message History

You hit the worker ant but do no damage.
The worker ant is heavily wounded.
The worker ant closely misses you. The phantom hits you.
You puncture the worker ant!
You kill the worker ant!
Your Polearms skill increases to level 8!
The phantom blinks!
The hound bites you.
The shadow imp grinds its teeth.
You closely miss the hound. You block the phantom's attack.
The hound bites you. The shadow imp spits at you.
You closely miss the hound. The hound bites you. The phantom hits you!
* * * LOW HITPOINT WARNING * * *
The hound bites you.
* * * LOW HITPOINT WARNING * * *
You closely miss the hound. You block the phantom's attack.
The hound stops to sniff the ground.
The hound bites you but does no damage.
You barely miss the hound. The hound barely misses you. The phantom hits you.
You die... ▓▓▓▓▓▓▓▓▓▓▓▓▓▓▓▓▓▓ ▓<...†).W@h5.....+ ▓▓▓▓▓▓▓▓▓▓▓▓▓▓▓▓▓▓

You could see a phantom, a hound and a shadow imp.

Vanquished Creatures
  A sky beast (D)
  A worker ant (D)
  A dart slug (D)
  A goblin (D)
  A hobgoblin (D)
  A frilled lizard (D)
  A rat (D)
7 creatures vanquished.

Notes
Turn   | Place    | Note
-------+----------+-------------------------------------------
     0 | D        | HoaS the Formicid Fighter began the quest for the Orb.
     0 | D        | Reached XP level 1. HP: 18/18 MP: 1/1
     7 | D        | Reached skill level 3 in Polearms
    12 | D        | Reached XP level 2. HP: 24/24 MP: 2/2
    18 | D        | Noticed a sky beast
    18 | D        | Noticed a phantom
    36 | D        | Killed a sky beast
    36 | D        | Reached skill level 7 in Polearms
    36 | D        | Reached XP level 3. HP: 6/29 MP: 3/3
    36 | D        | Reached XP level 4. HP: 7/35 MP: 4/4
    36 | D        | Reached XP level 5. HP: 8/41 MP: 5/5
    38 | D        | HP: 1/41 [worker ant (2)]
    52 | D        | Reached skill level 8 in Polearms
    56 | D        | Slain by a phantom

Illustrated notes

Levels and vault maps discovered:
D:        linesprint [early_d, line_temple, items_1, d_10, items_2, lair_1,
          lair_end, items_3, orc_1, orc_end, items_4, d_15, swamp_1, shoals_1,
          snake_1, spider_1, d_20, vaults_1, items_5, swamp_end, shoals_end,
          snake_end, spider_end, vaults_end, d_27, items_6, zot_1, zot_end,
          crypt_end, forest_end, elf_end, slime_end, tomb_end, abyss_end,
          pan_hell_end]

Skill      XL: |  1  2  3  4  5 |
---------------+----------------+-----
Polearms       | 3 7 8 |  8.0
Shields        | 4 7 |  7.6
Fighting       | |  3.2
Armour         | |  3.2

Action                   |  1- 3 |  4- 6 || total
-------------------------+-------+-------++-------
Melee: Trident           |    26 |    18 ||    44
  Use: Potion            |       |     1 ||     1
Armor: Scale mail        |     9 |    10 ||    19
Dodge: Dodged            |     5 |    10 ||    15
Block: Kite shield       |     8 |     7 ||    15

Table legend: (Time is in decaauts)
 A = Elapsed time spent in this place.
 B = Non-inter-level travel time spent in this place.
 C = Inter-level travel time spent in this place.
 D = Time resting spent in this place.
 E = Time spent auto-exploring this place.
 F = Levels seen in this place.
 G = Mean time per level.
                   A        B        C        D        E       F      G
               +--------+--------+--------+--------+--------+-----+--------+
         Total |     60 |     60 |      0 |      0 |      0 |   1 |   60.0 |
       Dungeon |     60 |     60 |      0 |      0 |      0 |   1 |   60.0 |
               +--------+--------+--------+--------+--------+-----+--------+

Top non-repeatable levels by time:
       D: 60 daAuts
